[Event "1st Chessable Sunway Formentera 2022"]
[Site "Formentera Punta Prima"]
[Date "2022.05.06"]
[Round "8.13"]
[White "Bergez, Luc"]
[Black "Grutter, Tim"]
[Result "1-0"]
[ECO "B20"]
[WhiteElo "2331"]
[BlackElo "2241"]
[Annotator "TA"]
[PlyCount "93"]
[EventDate "2022.05.05"]
[EventType "swiss"]
[EventCountry "ESP"]
[SourceTitle "playchess.com"]
[Source "ChessBase"]
[SourceQuality "1"]
[TimeControl "40/5400+30:1800+30"]

1. e4 c5 2. d3 Nc6 3. g3 Nf6 4. Bg2 d5 5. c3 dxe4 6. dxe4 {[%emt 0:00:11] [#] B20: Sicilian: Unusual White 2nd moves.} Qc7 $146 ({Better is} 6... Qxd1+ $15 7. Kxd1 e5) ({Predecessor:} 6... Qxd1+ 7. Kxd1 Bg4+ 8. f3 O-O-O+ 9. Ke2 Bd7 10. Bh3 e5 11. Nd2 Be7 12. Nc4 Kc7 {1-0 (41) Kireev,A (2351)-Johnson,J (2223) Chess.com INT 2019}) 7. Qe2 e5 8. Nf3 {[%emt 0:01:07][%cal Bg1f3,Bf3h4,Bh4f5][%mdl 32] The position is equal.} Be7 9. O-O Rb8 10. Na3 O-O 11. h3 a6 12. Nc4 Be6 ({Don't do} 12... b5 {[#]} 13. Ncxe5 $1 Nxe5 14. Nxe5 $14) 13. Nh4 Ne8 (13... g6 $11) 14. Nf5 $14 Bxc4 15. Qxc4 Nd6 16. Qe2 b5 17. Qg4 Nxf5 18. exf5 Kh8 19. Re1 b4 20. Be4 $40 {[%emt 0:07:56][%cal Of5f6,Bg2e4,Be4d5,Bd5c4,Bc4a6][%mdl 160] White has strong attack.} f6 21. Qh5 Nd8 (21... Rfd8 $142) 22. Bd5 {[%emt 0:00:48] aiming for Re4.} Qd7 23. Bc4 {[%emt 0:04:38] Strongly threatening Re4. White is more active.} Qe8 (23... Qc6 $16 24. Be3 bxc3) 24. Qxe8 $18 Rxe8 25. Bxa6 Bd6 (25... Nf7 $142 26. cxb4 Rxb4) 26. Rd1 Rb6 27. Bc4 {[%emt 0:01:54] This bishop pair is nice.} e4 (27... Nb7 $142 28. Be3 bxc3) 28. cxb4 Rxb4 29. Rxd6 Rxc4 30. Be3 {[%emt 0:00:28] Inhibits Rd4.} Nb7 (30... Nf7 {was worth a try.}) 31. Rb6 Rb4 32. Bxc5 Rc4 (32... Rxb6 $142 33. Bxb6 Kg8) 33. Be3 Na5 34. b4 Nc6 35. b5 Nb4 36. Re6 Rb8 37. Bf4 Rd8 38. b6 Na6 39. Re1 h6 40. R1xe4 Rd1+ 41. Kg2 Rxe4 42. Rxe4 {[%emt 0:00:08] KRB-KRN} Rb1 43. Be3 Kh7 44. a4 Ra1 45. Re8 Rxa4 46. Ra8 Ra1 {[%emt 0:00:12] [#]} 47. Rxa6 $1 {[%emt 0:00:16] Weighted Error Value: White=0.06 (flawless) /Black=0.29 (precise)} 1-0

[Event "1st Chessable Sunway Formentera 2022"]
[Site "Formentera Punta Prima"]
[Date "2022.05.06"]
[Round "8.14"]
[White "Neiman, Emmanuel"]
[Black "Tsatsalashvili, Keti"]
[Result "1/2-1/2"]
[ECO "E11"]
[WhiteElo "2248"]
[BlackElo "2331"]
[Annotator "TA"]
[PlyCount "126"]
[EventDate "2022.05.05"]
[EventType "swiss"]
[EventCountry "ESP"]
[SourceTitle "playchess.com"]
[Source "ChessBase"]
[SourceQuality "1"]
[TimeControl "40/5400+30:1800+30"]

1. Nf3 d5 2. d4 e6 3. c4 Nf6 4. g3 Bb4+ 5. Bd2 Be7 6. Bg2 c6 7. Qc2 O-O 8. O-O b6 9. Nc3 {[%emt 0:07:57] E11: Bogo-Indian.} dxc4 10. Ne5 Bb7 {[%emt 0:12:46] [#]} 11. Nxc4 $146 ({Predecessor:} 11. e3 b5 12. Nxb5 Nd5 13. Nc3 Ba6 14. a3 Qb6 15. Rfc1 Qb3 16. Nd1 Qxc2 17. Rxc2 {1-0 (24) Nguyen,H (2026)-Tran Ngo Thien,P (1908) Da Lat 2013}) 11... Qxd4 12. Nb5 {[%emt 0:01:58][%mdl 64] Pin} Qd7 13. Ne5 Qc8 $1 $17 14. Rac1 a6 15. Nc3 c5 16. Ne4 Nd5 17. h4 ({Avoid the trap} 17. Ng5 $2 Bxg5 18. Bxg5 f6 $19) 17... Qc7 18. Nf3 h6 19. a3 a5 20. Nc3 Bf6 21. Ne4 Be7 22. Nc3 $1 Nxc3 23. Bxc3 Nd7 24. Rfd1 Rfd8 25. e4 (25. a4 $17 {keeps fighting.}) 25... a4 26. Re1 Bc6 27. Qe2 Bf6 28. e5 Be7 29. Qc4 Nf8 30. Qg4 Rab8 (30... Qb7 $19 31. Re2 Rd7) 31. Nd2 Bxg2 32. Kxg2 Qc6+ 33. Kg1 Rd3 34. Ne4 Rbd8 35. Nd6 ({Reject} 35. Nf6+ Kh8 $17) 35... Qf3 (35... Rd5 $142 $1 {White must now prevent ...h5.} 36. Ne4 Ng6) 36. Qxf3 Rxf3 37. Rcd1 (37. Nb5 $142) 37... Bxd6 38. exd6 {[%emt 0:00:07] [#]} Rf5 $1 39. Re4 Rd5 40. Rxd5 exd5 41. Rxa4 {[%emt 0:00:29][%mdl 4096] Endgame KRB-KRN} d4 42. Bd2 Ne6 43. Ra6 Rxd6 44. Kf1 {[%emt 0:00:46][%cal Od2a5] [#]} d3 (44... c4 $1 $17 {...Nc5 is the strong threat.} 45. Ba5 Rd5) 45. a4 $1 $11 {[%emt 0:04:01] The position is equal.} Nc7 46. Ra7 Nd5 47. a5 bxa5 48. Rxa5 c4 49. Rc5 Nb6 50. Ke1 $1 Rd5 51. Rc6 Re5+ 52. Be3 Nd5 53. Rxc4 Nxe3 54. fxe3 Rxe3+ {[%emt 0:00:01] KR-KR} 55. Kd2 Rxg3 {[%emt 0:01:27] Strongly threatening ...Rg2+.} 56. b4 $1 g5 57. b5 Rg2+ 58. Kxd3 {[%emt 0:00:08] aiming for Kc3.} Rb2 59. hxg5 hxg5 60. Rc5 f6 61. Kc3 Rb1 62. Kc2 Rb4 63. Kc3 Rb1 {[%emt 0:00:04] White happily takes the draw.  Weighted Error Value: White=0.10 (very precise) /Black=0.15 (very precise)} 1/2-1/2

[Event "1st Chessable Sunway Formentera 2022"]
[Site "Formentera Punta Prima"]
[Date "2022.05.06"]
[Round "8.15"]
[White "Garcia Martin, Marta"]
[Black "Dukic, Zachary"]
[Result "1-0"]
[ECO "B12"]
[WhiteElo "2326"]
[BlackElo "2243"]
[Annotator "TA"]
[PlyCount "114"]
[EventDate "2022.05.05"]
[EventType "swiss"]
[EventCountry "ESP"]
[SourceTitle "playchess.com"]
[Source "ChessBase"]
[SourceQuality "1"]
[TimeControl "40/5400+30:1800+30"]

1. e4 c6 2. d4 d5 3. e5 Bf5 4. Nd2 e6 5. Nb3 Nd7 6. Nf3 c5 {[%emt 0:00:06] B12: Caro-Kann: Advance Variation.} 7. dxc5 Bxc5 8. Nxc5 Nxc5 {[%emt 0:00:07] The position is equal.} 9. Be3 Nd7 10. Nd4 Ne7 11. f4 Be4 {[%emt 0:03:38] [#]} 12. Nf3 $146 ({Predecessor:} 12. Be2 Bxg2 13. Rg1 Be4 14. c3 O-O 15. Bf2 Ng6 16. Qd2 a6 17. Qe3 Kh8 18. h4 Nxh4 {0-1 (42) Frolov,A (2025)-Faizrakhmanov,R (2450) Sochi 2020}) 12... O-O 13. Be2 (13. Bd3 $11) 13... b5 ({Black should try} 13... Nf5 $17 14. Bf2 f6) 14. O-O $11 b4 15. Qd2 Qb8 16. a3 Rc8 17. Rfc1 (17. Nd4 $5 ) 17... a5 18. axb4 Qxb4 19. Qxb4 axb4 20. Bb5 ({Better is} 20. Rxa8 $14 Rxa8 21. Nd2) 20... Nf8 (20... Rxa1 $11 21. Rxa1 Nf8) 21. Rxa8 $14 Rxa8 22. Ne1 (22. Nd2 $14 {deserves consideration.}) 22... Nf5 $11 23. Bf2 Ng6 24. g3 h5 25. Be2 h4 26. b3 f6 27. exf6 gxf6 28. Nd3 hxg3 29. hxg3 Kf7 {[%emt 0:01:24] aiming for ...Rh8.} 30. Nc5 Nd6 31. Be1 Rg8 (31... Ne7 $11 {remains equal.}) 32. Bh5 (32. Ra1 $16 {And now Ra7+ would win.} Bxc2 33. Ra7+ (33. Bxb4 Nxf4 34. Ra7+ Ke8 $11) 33... Ne7 34. Rd7) 32... Rh8 33. g4 f5 34. Ra1 Nb5 {[%emt 0:03:32][%mdl 8192] Against Ra7+} (34... fxg4 $11 {and Black has nothing to worry.} 35. Nxe4 dxe4) 35. Nxe4 $18 dxe4 {[%emt 0:00:43] [#]} 36. Bxb4 $2 ({White has to play} 36. Ra5 $1 $18 ) 36... fxg4 $11 37. Bxg4 Nxf4 {[%emt 0:00:45] White must now prevent ...Rg8.} 38. Kf2 Nd5 39. Bc5 {[%emt 0:00:29] Prevents e3+.} Rh2+ 40. Kg3 Rxc2 41. Rf1+ Kg6 42. b4 Nbc7 43. Kh4 Nf6 44. Bd1 (44. Rf2 $11 Rxf2 45. Bxf2) 44... Rd2 (44... Rh2+ $1 $15 45. Kg3 Rd2) 45. Be3 Rh2+ 46. Kg3 Ra2 47. Bd4 Ncd5 (47... Nfd5 $1 $15) 48. b5 Ra3+ 49. Kh4 Rd3 50. Be5 Nd7 51. Bb2 Ne3 52. Bh5+ Kh6 53. Bc1 {[%emt 0:00:22] Strongly threatening Re1. This bishop pair is nice.} Nb6 (53... Rc3 $11 {keeps the balance.}) 54. Rf6+ Kh7 55. Rxe6 Nbd5 {[%emt 0:00:26] [#]} (55... Nbc4 $16 {was called for.}) 56. Bg6+ ({Not} 56. Rxe4 Rb3 $14) (56. Bb2 $1 $18 {White threatens Bg6+ and mate.} Ng2+ 57. Kg5 Rg3+ 58. Kf5) 56... Kg8 $16 57. Kg5 {[%emt 0:01:00] Re8+ is the strong threat.} Nc7 {[%emt 0:01:14] Prevents Re8+.  Weighted Error Value: White=0.25 (precise) /Black=0.30} (57... Nc4 $142) 1-0

[Event "1st Chessable Sunway Formentera 2022"]
[Site "Formentera Punta Prima"]
[Date "2022.05.06"]
[Round "8.16"]
[White "Galvan Cipriani, Viviana"]
[Black "Bernard, Jacques"]
[Result "0-1"]
[ECO "A16"]
[WhiteElo "2153"]
[BlackElo "2122"]
[Annotator "TA"]
[PlyCount "96"]
[EventDate "2022.05.05"]
[EventType "swiss"]
[EventCountry "ESP"]
[SourceTitle "playchess.com"]
[Source "ChessBase"]
[SourceQuality "1"]
[TimeControl "40/5400+30:1800+30"]

1. c4 Nf6 2. Nc3 d5 3. cxd5 Nxd5 4. g3 g6 5. Bg2 Nb6 6. d3 Bg7 7. Nf3 Nc6 8. Be3 e5 {[%emt 0:11:09] A16: English Opening: 1...Nf6 with ...d5.} 9. Qd2 Nd4 10. Rc1 Bg4 {[%emt 0:06:26] The position is equal.} 11. Bxd4 exd4 12. Nb5 {[%emt 0:00:32][%cal Bc3b5,Bb5a3,Ba3c4,Bc4a5][%mdl 32] [#]} O-O $146 (12... c6 $5 13. Na3 O-O $15) ({Predecessor:} 12... c6 13. Qf4 Bxf3 14. Nd6+ Qxd6 15. Qxd6 Bxg2 16. Rg1 Bd5 17. b3 Rd8 18. Qb4 Rd7 {0-1 (27) Dulhauste,A-Feroul,M France 1979}) 13. Qf4 (13. Nxc7 Rc8 14. Nb5 Rxc1+ 15. Qxc1 Qd5) (13. Rxc7 $2 a6 14. Qg5 axb5 15. Rxb7 {[#]} Qd6 $1 16. Qxb5 (16. Qxg4 $2 Qc6 $19) 16... Rfb8 17. Rxb8+ Rxb8 $19) 13... Bxf3 14. Bxf3 c6 15. Na3 (15. Nd6 g5 16. Nxb7 gxf4 $17) 15... Re8 16. O-O Qe7 17. Nc4 Rad8 18. Na5 Nd5 19. Qd2 Bf6 20. Rc4 h5 21. Nb3 h4 22. Re1 hxg3 (22... Kg7 $17) 23. hxg3 $15 Kg7 24. Bxd5 ({Don't blunder} 24. Nxd4 $2 Nb6 25. Rxc6 Bxd4 $19) (24. Kg2 $1 $15) 24... Rxd5 $17 25. e4 Rh5 {[%emt 0:05:03] [#] Hoping for ...Reh8.} 26. f4 $2 {[%emt 0:00:07] This costs White the game.} ({Not} 26. Nxd4 $2 Qd7 27. Ne2 (27. e5 $2 Qh3 $19) 27... Qh3 $19) (26. Qd1 $17) 26... Reh8 {[%emt 0:01:12] aiming for ...Rh1+.} 27. Qg2 {[%emt 0:00:16] Against Rh1+} Qd7 28. e5 Rh1+ 29. Kf2 R1h2 30. exf6+ Kxf6 31. Rxd4 (31. Rg1 $142) 31... Rxg2+ $19 32. Kxg2 Qh3+ 33. Kf3 Qh5+ 34. Ke3 Qh2 35. Re2 Re8+ 36. Re4 Qxg3+ 37. Kd2 Rxe4 38. Rxe4 {[%emt 0:00:06][%mdl 4096] Endgame KQ-KRN} Qf2+ 39. Kc3 c5 {[%emt 0:00:41] Against Nd4} 40. Na5 b5 {[%emt 0:00:00] Threatens to win with ...b4+.} 41. a3 {[%emt 0:02:06] Against b4+} (41. Nb3 $142) 41... Qg1 42. Nb3 {[%emt 0:18:35] Prevents Qc1+.} Qd1 {[%emt 0:09:34][%cal Oc5c4] Strongly threatening ...c4!} 43. Re5 $2 (43. Nxc5 Qc1+ 44. Kb4) 43... b4+ {[%emt 0:05:18] Black is clearly winning.} 44. axb4 cxb4+ 45. Kxb4 Qxd3 46. Rc5 Qd6 47. Kb5 Qxf4 48. Na5 Qb8+ {[%emt 0:00:35] Weighted Error Value: White=0.46/Black=0.12 (very precise)} 0-1

[Event "1st Chessable Sunway Formentera 2022"]
[Site "Formentera Punta Prima"]
[Date "2022.05.06"]
[Round "8.17"]
[White "Roig Roig, Marc"]
[Black "Marull Luber, Jordi"]
[Result "1-0"]
[ECO "B07"]
[WhiteElo "1895"]
[BlackElo "1793"]
[Annotator "NA RC COMBH"]
[PlyCount "47"]
[EventDate "2022.05.05"]
[EventType "swiss"]
[EventCountry "ESP"]
[SourceTitle "playchess.com"]
[Source "ChessBase"]
[SourceQuality "1"]
[TimeControl "40/5400+30:1800+30"]

1. e4 g6 2. d4 Bg7 3. Nc3 d6 4. Be3 Nf6 5. f3 O-O 6. Qd2 Nc6 7. O-O-O e5 8. d5 Ne7 9. g4 a6 10. Bh6 b5 11. h4 b4 12. Nce2 Bxh6 13. Qxh6 Bxg4 14. Qg5 Bxf3 15. Nxf3 Nxe4 16. Qg2 f5 17. h5 Qe8 18. Nh4 Qf7 19. hxg6 hxg6 20. Rd3 Qf6 21. Ng3 Nxg3 22. Rxg3 Kf7 23. Nxg6 Nxg6 24. Rh7+ 1-0

[Event "1st Chessable Sunway Formentera 2022"]
[Site "Formentera Punta Prima"]
[Date "2022.05.09"]
[Round "9.1"]
[White "Sasikiran, Krishnan"]
[Black "Gukesh D"]
[Result "0-1"]
[ECO "B31"]
[WhiteElo "2651"]
[BlackElo "2659"]
[Annotator "TA"]
[PlyCount "94"]
[EventDate "2022.05.05"]
[EventType "swiss"]
[EventCountry "ESP"]
[SourceTitle "playchess.com"]
[Source "ChessBase"]
[SourceQuality "1"]
[TimeControl "40/5400+30:1800+30"]

1. e4 c5 2. Nf3 Nc6 3. Bb5 g6 4. O-O Bg7 5. c3 Nf6 6. Re1 O-O 7. d4 d5 8. e5 Ne4 9. h3 cxd4 10. cxd4 Bd7 {[%emt 0:06:58][%cal Oc6e5] [#] B31: Sicilian: 2...Nc6 3 Bb5 g6.} 11. Ba4 $146 ({Predecessor:} 11. Bd3 Be6 12. Nbd2 Nxd2 13. Bxd2 h6 14. Rc1 Qd7 15. Be3 h5 16. Ng5 Nb4 17. Nxe6 Qxe6 18. Bb1 f5 19. exf6 Qxf6 {1-0 (77) Muminova,N (2321)-Popova,N (2314) Khanty-Mansiysk 2014}) 11... Rc8 12. Bb3 Bf5 {[%emt 0:04:16] The position is equal.} 13. Nc3 Nxc3 14. bxc3 Na5 15. Bd2 Nc4 16. Nh4 Bd7 17. Nf3 Bf5 18. Nh4 Bd7 19. Nf3 b5 (19... Nxd2 $15 20. Qxd2 Qa5) 20. Bg5 a5 21. Rc1 Bf5 22. Nh4 Be6 23. Nf3 Qd7 24. Nh2 Rc7 25. h4 h6 26. Bf4 Rfc8 27. Nf1 Nb6 28. Bd2 Nc4 29. Bxc4 dxc4 30. Ne3 b4 (30... h5 $5 ) 31. h5 g5 32. Qf3 Qb5 33. Rb1 Rd7 {[%emt 0:00:57][%cal Og7e5] Against d5} 34. Qe4 {[%emt 0:00:10] [#]} ({White should try} 34. cxb4 $15 c3 35. Bxc3 Rxc3 36. Qa8+ Bf8 37. bxa5) 34... Qb7 $1 $17 (34... Bxe5 $2 35. d5 Bg7 36. dxe6 $18) 35. Qc2 (35. Qxb7 $17 Rxb7 36. g4) 35... b3 $19 36. Qc1 a4 37. f3 Qa7 38. Ng4 (38. Re2 $142) 38... Rc6 ({Inferior is} 38... bxa2 39. Ra1 $15) 39. Be3 {[%emt 0:00:28][%cal Od4d5] And now d5! would win.} Qa5 ({Stronger than} 39... bxa2 40. Ra1 Bxg4 41. fxg4 $11) 40. a3 f5 41. exf6 exf6 42. Nf2 Bf7 43. Ne4 f5 44. Nc5 {[%emt 0:00:05] [#]} (44. Nd2 {was necessary.}) 44... Rxc5 $1 {[%emt 0:00:40][%mdl 512] Black is clearly winning.} 45. dxc5 Qxc3 46. c6 Rc7 47. Qd1 {[%emt 0:00:12] Qd8+ is the strong threat.} Qf6 {[%emt 0:00:21] Prevents Qd8+.  Weighted Error Value: White=0.36/Black=0.10 (very precise)} 0-1

[Event "1st Chessable Sunway Formentera 2022"]
[Site "Formentera Punta Prima"]
[Date "2022.05.09"]
[Round "9.2"]
[White "Sargsyan, Shant"]
[Black "Cuenca Jimenez, Jose Fernando"]
[Result "1-0"]
[ECO "E45"]
[WhiteElo "2641"]
[BlackElo "2551"]
[Annotator "TA"]
[PlyCount "103"]
[EventDate "2022.05.05"]
[EventType "swiss"]
[EventCountry "ESP"]
[SourceTitle "playchess.com"]
[Source "ChessBase"]
[SourceQuality "1"]
[TimeControl "40/5400+30:1800+30"]

1. d4 Nf6 2. c4 e6 3. Nc3 Bb4 4. e3 b6 5. Nge2 Ba6 6. Ng3 O-O 7. e4 Nc6 8. Bd3 {[%emt 0:00:15] E45: Nimzo-Indian: Rubinstein: 4...b6 5 Ne2 Ba6.} Ne8 9. O-O $1 Bxc3 (9... Nxd4 $2 10. Qa4 $18) 10. bxc3 {[%emt 0:00:17] White is slightly better.} Na5 (10... Nd6 11. e5 Ne8 12. Ba3 $16 (12. Qh5 f5 $16)) 11. Qe2 c5 (11... Nd6 12. e5 Ne8 13. Ba3 $16) 12. e5 d5 $1 13. cxd5 (13. Qh5 f5 $15) 13... Bxd3 14. Qxd3 Qxd5 {[%emt 0:00:11] [#]} 15. Nh5 $146 ({Predecessor:} 15. Ne4 f5 16. Nd2 Rd8 17. Nf3 Rf7 18. Rd1 cxd4 19. cxd4 Rc7 20. Bd2 Nc4 21. Qb3 {0-1 (37) Rosales,P (1810)-Condori Aranya,E (2163) Arequipa 2013}) 15... f5 16. Rd1 (16. Nf4 $5 Qd7 17. d5 exd5 18. Nxd5 $11 (18. Qxd5+ Qxd5 19. Nxd5 Rd8 $11)) 16... Rd8 (16... Qc6 $11) 17. Bg5 $1 $16 {[%emt 0:01:17] And now Nf4 would win.} Rd7 (17... Rc8 $16) 18. Nf4 $18 Qc6 19. d5 exd5 20. e6 (20. Nxd5 Rff7 $11) 20... Rb7 21. e7 $2 (21. Qxd5 $6 Qxd5 22. Nxd5 Nc6) (21. Nxd5 $18 {Hoping for Ne7+.} Qxe6 22. Re1) 21... Rf7 $14 {[%emt 0:00:14] Strongly threatening ...h6.} 22. Nxd5 (22. Qxd5 $2 h6 23. Qd8 hxg5 $19) 22... h6 23. Bf4 Qa4 $1 24. Qg3 $1 {[%emt 0:18:03] aiming for Bxh6.} Nc6 25. Bxh6 $1 {[%emt 0:01:10] Threatens to win with Bg5.} Nxe7 26. Nf4 {[%emt 0:01:06] Rd8 is the strong threat.} Rd7 {[%emt 0:00:47] Prevents Rd8.} 27. Rxd7 (27. Re1 $1 $14) 27... Qxd7 $11 28. Bg5 Nf6 29. Bxf6 Rxf6 30. h4 Rd6 31. Kh2 Nd5 32. Re1 Nxf4 33. Qxf4 {[%emt 0:00:03][%mdl 4096] Endgame KQR-KQR} Rf6 34. Re5 (34. g3 {feels hotter.} Qd6 35. Re8+ Kf7 36. Ra8) 34... Kh7 (34... Qd3 {with more complications.} 35. Re7 a6 36. Qc7 Qd6+) 35. g3 Rf7 36. Qg5 Kg8 37. c4 Rf6 (37... f4 $5 ) 38. Rd5 Qf7 (38... Qe6 $11 {remains equal.}) 39. Rd8+ $16 Kh7 40. Qf4 $1 {[%emt 0:00:00] White is more active.} Qe7 41. Qb8 $40 {[%emt 0:05:43][%mdl 128] White is up to no good.} f4 $2 (41... Kg6 $14) 42. h5 $2 ({Inferior is} 42. gxf4 Rf8 43. Rxf8 Qxh4+ 44. Kg2 Qg4+ 45. Kf1 Qd1+ 46. Kg2 Qg4+ 47. Kh1 Qh4+ 48. Kg1 Qg4+ 49. Kf1 Qd1+ 50. Kg2 Qg4+ $11) (42. Rh8+ $18 Kg6 43. gxf4 (43. Qg8 $2 fxg3+ 44. Kh3 Qd7+ 45. Kg2 Qc6+ 46. Qd5 Qxd5+ 47. cxd5 Rxf2+ 48. Kxg3 Rxa2 $19)) 42... Kh6 (42... fxg3+ $2 43. Kxg3 Qxd8 44. Qxd8 $18) 43. Rh8+ $1 Kg5 44. Re8 Qf7 {[%emt 0:10:25][%mdl 8192] [#]} (44... Qd7 $16) 45. Qe5+ $1 $18 Rf5 46. gxf4+ Kxh5 47. Rh8+ Kg6 {[%emt 0:00:22] [#]} 48. Qe4 $1 Qf6 49. Kg3 {[%emt 0:04:04] Kg4 would kill now.} Qd4 50. Qe8+ {[%emt 0:02:23] White mates.} Rf7 51. f5+ $1 Kg5 {[%emt 0:01:01] [#]} 52. Rh5+ $1 {[%emt 0:00:26][%mdl 512] Weighted Error Value: White=0.18 (very precise) /Black=0.37} 1-0

[Event "1st Chessable Sunway Formentera 2022"]
[Site "Formentera Punta Prima"]
[Date "2022.05.09"]
[Round "9.3"]
[White "Santos Latasa, Jaime"]
[Black "Yankelevich, Lev"]
[Result "1-0"]
[ECO "E94"]
[WhiteElo "2672"]
[BlackElo "2473"]
[Annotator "TA RC"]
[PlyCount "112"]
[EventDate "2022.05.05"]
[EventType "swiss"]
[EventCountry "ESP"]
[SourceTitle "playchess.com"]
[Source "ChessBase"]
[SourceQuality "1"]
[TimeControl "40/5400+30:1800+30"]

1. c4 Nf6 2. Nf3 g6 3. Nc3 Bg7 4. e4 d6 5. d4 O-O 6. Be2 e5 7. O-O exd4 8. Nxd4 Re8 9. f3 Nc6 10. Be3 Nh5 11. Qd2 Nxd4 12. Bxd4 Nf4 13. Rfd1 Bxd4+ 14. Qxd4 Nxe2+ {[%emt 0:00:03] E94: King's Indian: Classical: 6 Be2 e5 7 0-0: Various Black 7th moves.} 15. Nxe2 b6 {[%emt 0:00:01] Against c5} 16. Nc3 Bb7 {[%emt 0:02:17] The position is equal.} 17. Re1 $5 {[%emt 0:02:04][%mdl 4] Leaves trodden paths.} Qg5 18. Rad1 Re7 19. Nd5 Bxd5 20. Qxd5 Qxd5 21. cxd5 $11 {[%emt 0:00:06][%mdl 4096] Endgame KRR-KRR} Rc8 {[%emt 0:04:24] [#]} 22. Kf2 $146 ({Predecessor:} 22. Rc1 c5 23. dxc6 Rec7 24. Re3 Rxc6 25. Rxc6 Rxc6 26. Rc3 Rc5 27. Kf2 Kg7 28. Ke3 {½-½ (45) Feller,S (2576)-Degraeve,J (2559) Nimes 2009}) 22... c5 23. dxc6 Rxc6 24. Re2 Kf8 25. Rd4 Rec7 26. Red2 Ke7 27. Rd5 h5 28. Ke3 a6 29. h4 b5 30. Kf4 Rc8 31. a3 b4 32. axb4 Rb8 {[%emt 0:00:04] Inhibits b5.} 33. R2d4 Rcb6 (33... Rbb6 $1 $11) 34. e5 {[%emt 0:00:39] White is more active.} (34. b5 $14) 34... Rxb4 35. exd6+ Kd7 36. g4 Rxd4+ 37. Rxd4 Rxb2 {[%emt 0:02:12] KR-KR} 38. Kg5 a5 39. Rf4 Rb5+ (39... Kxd6 40. Rxf7 a4 41. Kxg6 hxg4 42. fxg4 $16 (42. Rf6+ Ke7 $16)) 40. Kh6 $1 hxg4 ({But not} 40... Kxd6 41. Rxf7 a4 42. Kxg6) 41. fxg4 f5 {[%emt 0:16:09] ...Rb4 is the strong threat.} 42. h5 ({Don't take} 42. g5 $6 Rb4 43. Rf3 (43. Rxb4 axb4 44. h5 gxh5 $11) 43... Rxh4+ 44. Kxg6 Kxd6 $14) 42... gxh5 43. gxf5 Kxd6 44. f6 {[%emt 0:00:59] Threatening mate with f7.} Rb8 $1 (44... Rb4 45. Rxb4 axb4 46. f7 Ke7 47. Kg7 Ke6 48. f8=Q b3 49. Qf7+ Ke5 50. Qxb3) 45. Ra4 Ke6 46. Kg7 Rb7+ 47. Kg6 {[%emt 0:00:23] White wants to mate with Rf4.} Rb1 48. Re4+ {[%emt 0:00:12][%mdl 1024] White has compensation.} Kd5 $2 {[%emt 0:00:05][%mdl 8192] [#] Loses the game.} (48... Kd7 $11) 49. Rf4 $1 $18 {[%emt 0:00:46] f7 would kill now.} h4 50. f7 Rb6+ 51. Kf5 (51. Rf6 $142 Rb8 52. Rf5+ Ke4 53. Rh5 Ra8 54. Kg7 Kf3 55. Rxh4 Ra7 56. Kg8 Ra8+ 57. f8=Q+ Rxf8+ 58. Kxf8) 51... Rb8 {[%emt 0:00:08] [#]} 52. Ra4 $1 h3 53. Rxa5+ {[%emt 0:01:09] White mates.} Kd6 54. Kf6 Rh8 {[%emt 0:00:35] [#]} 55. Rh5 $1 h2 (55... Rb8 56. Kg7) 56. Rxh8 h1=N {[%emt 0:00:02] Weighted Error Value: White=0.05 (flawless) /Black=0.32} 1-0

[Event "1st Chessable Sunway Formentera 2022"]
[Site "Formentera Punta Prima"]
[Date "2022.05.09"]
[Round "9.4"]
[White "Santos Ruiz, Miguel"]
[Black "Narciso Dublan, Marc"]
[Result "1-0"]
[ECO "A26"]
[WhiteElo "2586"]
[BlackElo "2464"]
[Annotator "TA"]
[PlyCount "81"]
[EventDate "2022.05.05"]
[EventType "swiss"]
[EventCountry "ESP"]
[SourceTitle "playchess.com"]
[Source "ChessBase"]
[SourceQuality "1"]
[TimeControl "40/5400+30:1800+30"]

1. c4 e5 2. Nc3 Nc6 3. g3 g6 4. Bg2 Bg7 5. Rb1 a5 6. a3 Nf6 7. b4 axb4 8. axb4 O-O 9. d3 d6 10. Nf3 h6 11. O-O Be6 12. e4 Qd7 {[%emt 0:08:44] A26: English Opening vs King's Indian with ...Nc6 and d3.} 13. Nd5 Ne8 14. Be3 {[%emt 0:02:10] [#]} Bh3 $146 {[%emt 0:11:31] White is slightly better.} ({Predecessor:} 14... f5 15. Nh4 f4 16. Nxg6 fxe3 17. Nxf8 exf2+ 18. Rxf2 Bxf8 19. Qh5 Bg7 20. Rbf1 Ne7 {1-0 (37) Do Carmo,G (1398)-Custodio,L (1953) Cuiaba 2021}) 15. Qd2 {[%emt 0:14:22] White is more active.} Kh7 16. Bxh3 Qxh3 17. Nh4 f5 18. f4 fxe4 19. dxe4 {[%emt 0:00:16] f5 is the strong threat.} Nf6 {[%emt 0:06:38] [#]} (19... Qg4 $11) 20. f5 $1 $18 g5 21. Ng6 {[%emt 0:05:41] Hoping for b5.} Rf7 22. Nxf6+ Bxf6 (22... Rxf6 $16 23. Qd3 Ra2) 23. Ra1 Rxa1 24. Rxa1 Nd4 (24... Kg7 $16 25. Qa2 h5) 25. Bxd4 exd4 {[%emt 0:00:03] [#]} 26. Ra8 (26. c5 $1 $18 {Black must now prevent Qa2.} d3 27. Rd1) 26... h5 (26... Bg7 $16 {was worth a try.}) 27. Nf8+ Kh6 28. Ne6 $36 {[%emt 0:00:02][%cal Oa8h8][%mdl 2048] Rh8+! would kill now. White has strong initiative.} Qg4 29. Rg8 {[%emt 0:01:03] And now c5 would win.} ({But not} 29. Nxd4 $2 Qxe4 30. Nc2 Be5 $19) 29... Rg7 $2 (29... Kh7 30. Rxg5 Bxg5 31. Nxg5+ Kg8) 30. Nxg7 {[%emt 0:01:11] White is clearly winning.} Bxg7 {[%emt 0:00:06][%mdl 4096] Endgame KQR-KQB} 31. Qd3 {[%emt 0:00:54][%cal Oe4e5] aiming for e5!} h4 32. Re8 Be5 33. Kg2 hxg3 34. hxg3 Bxg3 35. Re6+ (35. Qxg3 $142 Qe2+ 36. Qf2 Qg4+ 37. Kh1 Qh4+ 38. Kg2 Qg4+ 39. Kh1 Qh4+ 40. Qxh4+ gxh4 41. Rh8+ Kg7 42. Rxh4) 35... Kg7 36. Qf3 Qxf3+ 37. Kxf3 Be1 (37... Bf4 $142 38. Re7+ Kh6 39. Rxc7 d3) 38. b5 Ba5 39. Rg6+ Kf7 40. Ke2 Bb6 41. Rxg5 {[%emt 0:00:21] Weighted Error Value: White=0.24 (precise) /Black=0.39} 1-0